 Dungeon Crawl Stone Soup version 0.30.0-19-g36f170ea60 (webtiles) character file.

Game seed: 14073394489608568719

11304 Graphine the Summoner (level 11, -12/66 HPs)
             Began as a Tengu Summoner on May 28, 2023.
             Was a Priest of Sif Muna.
             Mangled by an orc warrior
             ... wielding a +0 battleaxe
              (22 damage)
             ... on level 2 of the Orcish Mines.
             The game lasted 01:02:33 (12649 turns).

Graphine the Summoner (Tengu Summoner)             Turns: 12649, Time: 01:02:36

Health: -12/66     AC: 10    Str: 10      XL:     11   Next: 75%
Magic:  9/21       EV: 17    Int: 24 (27) God:    Sif Muna [***...]
Gold:   884        SH:  5    Dex: 14      Spells: 12/22 levels left

rFire   . . .        P - +9 dagger of Nemelex Xobeh's Grace {flame, Drain Fly Int+2}
rCold   . . .        a - +0 buckler
rNeg    . . .        M - +2 leather armour {Will+}
rPois   +            (helmet restricted)
rElec   .            g - +1 cloak
rCorr   .            (no gloves)
SInv    .            (boots unavailable)
Will    +....        I - amulet of magic regeneration
Stlth   ++           K - ring of poison resistance
HPRegen 0.00/turn    B - +6 ring of intelligence
MPRegen 0.57/turn

%: no passive effects
@: about to teleport, flying quickly and evasively, inhibited regen, invisible,
quick
A: beak, talons 3, nimble flight, iridescent scales 1, inhibited regeneration
a: Renounce Religion, Channel Magic, Forget Spell


You were on level 2 of the Orcish Mines.
You worshipped Sif Muna.
Sif Muna was most pleased with you.
You visited 3 branches of the dungeon, and saw 14 of its levels.

You collected 1334 gold pieces.
You spent 450 gold pieces at shops.

Inventory:

Hand Weapons
 i - a +0 dagger
 n - a +2 quarterstaff of chaos
 w - a +5 dagger
 P - the +9 dagger of Nemelex Xobeh's Grace (weapon) {flame, Drain Fly Int+2}
   (You found it on level 11 of the Dungeon)

   Int:       It affects your intelligence (+2).
   Fly:       It grants you flight.
   Drain:     It drains your maximum health when unequipped.
Missiles
 o - 4 atropa-tipped darts (quivered)
 E - 3 curare-tipped darts
 L - 2 throwing nets
Armour
 a - a +0 buckler (worn)
 g - a +1 cloak (worn)
 s - a +1 robe of cold resistance
 M - a +2 leather armour of willpower (worn)
 O - +0 acid dragon scales
Jewellery
 b - a +6 ring of strength
 m - a +6 ring of intelligence
 y - a ring of resist corrosion
 z - a ring of ice
 B - a +6 ring of intelligence (right hand)
 D - a ring of magical power
 I - an amulet of magic regeneration (around neck)
 J - a +4 ring of slaying
 K - a ring of poison resistance (left hand)
Wands
 l - a wand of digging (1)
 t - a wand of flame (77)
 v - a wand of quicksilver (11)
 C - a wand of iceblast (11)
Scrolls
 e - 8 scrolls of teleportation
 p - a scroll of vulnerability
 N - a scroll of fear
Potions
 c - 2 potions of cancellation
 d - 2 potions of lignification
 f - 3 potions of invisibility
 j - 3 potions of flight
 k - a potion of might
 q - a potion of ambrosia
 r - a potion of brilliance
 u - a potion of attraction
 x - a potion of berserk rage {unknown}
 A - 3 potions of degeneration
 F - 3 potions of haste
 H - 2 potions of magic


   Skills:
 + Level 6.4 Fighting
 + Level 6.1 Short Blades
 + Level 7.2 Armour
 + Level 7.4 Dodging
 - Level 2.0 Stealth
 + Level 6.5 Shields
 + Level 6.2 Spellcasting
 * Level 12.2 Summonings


You had 12 spell levels left.
You knew the following spells:

 Your Spells              Type           Power      Damage    Failure   Level
a - Summon Small Mammal   Summ           100%       N/A       1%          1
b - Call Imp              Summ           100%       N/A       1%          2
c - Call Canine Familiar  Summ           60%        N/A       1%          3
d - Summon Lightning Spi  Summ/Air       36%        N/A       11%         4

Your spell library contained the following spells:

 Spells                   Type           Power      Damage    Failure   Level
 Summon Guardian Golem    Hex/Summ       36%        N/A       3%          3
 Freeze                   Ice            28%        1d5       14%         1
 Ensorcelled Hibernation  Hex/Ice        14%        N/A       22%         2
 Passwall                 Tmut/Erth      5%         N/A       22%         2
 Poisonous Vapours        Pois/Air       14%        N/A       22%         2
 Dazzling Flash           Conj/Hex       14%        N/A       38%         3
 Frozen Ramparts          Ice            14%        1d3       38%         3
 Hailstorm                Conj/Ice       7%         3d4       38%         3
 Inner Flame              Hex/Fire       7%         N/A       38%         3
 Mephitic Cloud           Conj/Pois/Air  7%         N/A       38%         3
 Portal Projectile        Hex/Tloc       14%        N/A       38%         3
 Swiftness                Air            7%         N/A       38%         3
 Tukima's Dance           Hex            7%         N/A       38%         3
 Flame Wave               Conj/Fire      7%         2d5       80%         4
 Sticky Flame             Conj/Fire      7%         2d3       80%         4
 Agony                    Necr           7%         N/A       98%         5
 Blade Hands              Tmut           3%         N/A       98%         5
 Freezing Cloud           Conj/Ice/Air   3%         6-21      98%         5
 Silence                  Hex/Air        3%         N/A       98%         5


Dungeon Overview and Level Annotations

Branches:
Dungeon (11/15)            Temple (1/1) D:7            Lair (0/5) D:9
    Orc (2/2) D:11
    Elf: Orc:2

Altars:
Hepliaklqana
Makhleb
Nemelex Xobeh
Okawaru
Qazlal
Sif Muna
Trog
Xom
Yredelemnul
Zin
The Shining One

Shops:
D:7 *


Innate Abilities, Weirdness & Mutations

You have a beak for a mouth.
You have claws for feet.
Your magical nature lets you fly swiftly and evasively.
You are partially covered in iridescent scales. (AC +2)
You do not regenerate when monsters are visible.


Message History

You hit the chaos spawn but do no damage.
Your kick misses the chaos spawn. Your peck misses the chaos spawn.
The chaos spawn is almost dead.
Your warg misses the chaos spawn. The orange demon closely misses you.
The neqoxec gestures at you.
Strange energies course through your body.
Your regeneration stops near monsters.
The chaos spawn misses you.
Okay, then.
As you read the scroll of teleportation, it crumbles to dust.
You feel strangely unstable.
Your warg bites the chaos spawn but does no damage.
The orc warrior closely misses your warg.
The orange demon completely misses you.
The chaos spawn hits you but does no damage.
The neqoxec closely misses you.
You fade into invisibility!
Your warg bites the chaos spawn.
The orc warrior hits your warg with a +0 battleaxe!
An orc knight comes into view. It is wielding a +0 great mace.
Your warg barely misses the chaos spawn.
The orange demon stings you but does no damage.
The chaos spawn gores your warg!
Your warg dies!
Your warg's corpse disappears in a puff of smoke!
The neqoxec completely misses you.
The chaos spawn trumpets!
Casting: Summon Lightning Spire (dangerous; 11% risk of failure)
Confirm with . or Enter, or press ? or * to list all spells.
The orc knight is poisoned.
You block the chaos spawn's attack. The neqoxec hits you.
* * * LOW HITPOINT WARNING * * *
Casting: Call Canine Familiar (safe; 1% risk of failure)
Confirm with . or Enter, or press ? or * to list all spells.
A tiny devil pulls itself out of the air.
Your wolf is engulfed in poison gas.
Your wolf is poisoned.
Your wolf barely misses the neqoxec.
The orc warrior hits you with a +0 battleaxe!!
You die...

.................###
..............#..##
..............#...#
...............#.##
<..............###
)...........#...###
).....#..#.##§.##○######
.....#....##§§☼#°☼§☼§§§#
............#○h☼@§8§○§☼§
.........☼§§☼○°34o.§○○☼#
##.......##§○§§§o.5☼☼§○#
.........☼☼#§#§oo4.○§○○§
..........§§#§§...☼○○☼§☼
..#.#....§..##§#.☼○§☼○☼§
..####...#.#####☼o§☼§○§§
..# ###### ☼§○○#####
...# .o.8#


You could see an orc knight (unable to see you, poisoned), an orc high priest
(strong, unable to see you), an orange demon (summoned, unable to see you, ally
target), a neqoxec (summoned, unable to see you, ally target), a chaos spawn
(summoned, unable to see you, ally target), 2 orc warriors, an orc priest
(strong, unable to see you), a friendly wolf (summoned, poisoned), a friendly
lightning spire (summoned) and a friendly cerulean imp (summoned).

Vanquished Creatures
  The ghost of fedoskokos the Cleaver, a novice MiFi of Yredelemnul (D:9)
  Joseph (D:7)
  A basilisk (D:9)
  A nameless horror (D:10)
  2 orc warriors (Orc:1)
  Duvessa (D:4)
  A sky beast (D:6)
  An ogre (Orc:2)
  An orc priest (D:10)
  A jelly (D:6)
  A sleepcap (D:5)
  2 iguanas (D:5)
  2 orc wizards (Orc:1)
  4 gnolls
  A dart slug (D:4)
  5 orcs
  An endoplasm (D:4)
  A goblin (D:3)
  2 hobgoblins (D:1)
  A jackal (D:2)
  2 kobolds (D:4)
33 creatures vanquished.

Vanquished Creatures (collateral kills)
  4 two-headed ogres
  The ghost of Voland the Zephyrmancer, a novice TeAE of Sif Muna (D:9)
  A manticore (D:11)
  An elephant (D:9)
  An unseen horror zombie (D:9)
  A troll (D:9)
  A hornet (D:10)
  Prince Ribbit (D:9)
  3 wyverns
  3 nameless horrors
  A steam dragon (D:9)
  A warg (Orc:2)
  An acid dragon (D:10)
  A water moccasin (D:7)
  2 sky beasts (D:6)
  12 orc warriors
  A black bear (D:9)
  2 ogres
  3 centaurs
  4 kobold brigands
  3 bullfrogs
  Dowan (D:4)
  7 killer bees
  3 howler monkeys (D:8)
  3 jellies
  3 gnoll boudas
  7 orc priests
  Crazy Yiuf (D:2)
  4 hounds
  2 iguanas (D:5)
  16 orc wizards
  A howler monkey zombie (D:9)
  23 gnolls
  5 adders
  4 white imps
  3 worms
  3 dart slugs
  58 orcs
  2 bats
  5 endoplasms
  4 giant cockroaches
  9 goblins
  7 hobgoblins
  6 jackals
  5 quokkas
  3 ball pythons
  A frilled lizard (D:2)
  31 kobolds
  12 rats
277 creatures vanquished.

Grand Total: 310 creatures vanquished

Notes
Turn   | Place    | Note
-------+----------+-------------------------------------------
     0 | D:1      | Graphine the Tengu Summoner began the quest for the Orb.
     0 | D:1      | Reached XP level 1. HP: 10/10 MP: 4/4
   214 | D:1      | Reached skill level 5 in Summonings
   214 | D:1      | Reached XP level 2. HP: 15/15 MP: 3/6
   250 | D:1      | Learned a level 2 spell: Call Imp
   761 | D:1      | Reached XP level 3. HP: 19/19 MP: 4/7
  1142 | D:1      | Learned a level 3 spell: Call Canine Familiar
  1194 | D:2      | Reached skill level 1 in Shields
  1671 | D:2      | Reached XP level 4. HP: 24/24 MP: 2/8
  1768 | D:2      | Reached skill level 1 in Armour
  1854 | D:2      | Identified the +0 leather armour of Analysis {Will+}
  2009 | D:2      | Reached skill level 1 in Fighting
  2128 | D:2      | Gained mutation: Your magical nature lets you fly swiftly
                  | and evasively. [Tengu growth]
  2128 | D:2      | Reached XP level 5. HP: 27/29 MP: 4/9
  2220 | D:2      | Found a runed translucent door.
  2221 | D:2      | Noticed Crazy Yiuf
  2247 | D:2      | Killed Crazy Yiuf
  2823 | D:3      | Reached skill level 6 in Summonings
  3884 | D:4      | Reached XP level 6. HP: 34/35 MP: 5/11
  3960 | D:4      | Noticed Duvessa
  3968 | D:4      | Noticed Dowan
  3983 | D:4      | Killed Duvessa
  3986 | D:4      | Killed Dowan
  4164 | D:4      | Found a sparkling altar of Nemelex Xobeh.
  4435 | D:4      | Reached XP level 7. HP: 40/40 MP: 12/12
  4990 | D:5      | Entered Level 5 of the Dungeon
  4990 | D:5      | Found a sand-covered staircase.
  5159 | D:5      | Reached skill level 7 in Summonings
  5428 | D:5      | Gained mutation: You are dopey. (Int -2) [potion of
                  | mutation]
  5428 | D:5      | Gained mutation: You are partially covered in iridescent
                  | scales. (AC +2) [potion of mutation]
  5428 | D:5      | Gained mutation: You are vulnerable to heat. (rF-) [potion
                  | of mutation]
  5627 | D:5      | Reached XP level 8. HP: 45/45 MP: 7/14
  5935 | D:5      | Reached skill level 1 in Short Blades
  6372 | D:6      | Reached skill level 8 in Summonings
  6750 | D:7      | Found Meuptual's Merry Market.
  6938 | D:7      | Found a staircase to the Ecumenical Temple.
  7022 | D:7      | Reached XP level 9. HP: 46/52 MP: 7/16
  7134 | D:7      | Noticed Joseph
  7160 | D:7      | Killed Joseph
  7161 | D:7      | Reached skill level 5 in Dodging
  7176 | Temple   | Entered the Ecumenical Temple
  7197 | Temple   | Became a worshipper of Sif Muna the Loreminder
  7223 | D:7      | Found Ygiwestu's Antique Armour Emporium.
  7587 | D:8      | Reached skill level 9 in Summonings
  7667 | D:8      | Found an iron altar of Okawaru.
  7673 | D:8      | Learned a level 4 spell: Summon Lightning Spire
  7939 | D:8      | Found a shimmering altar of Xom.
  7952 | D:8      | Found a glowing silver altar of Zin.
  7958 | D:8      | Found a hazy altar of Hepliaklqana.
  8041 | D:8      | Found a stormy altar of Qazlal.
  8047 | D:8      | Noticed a two-headed ogre
  8055 | D:8      | Killed a two-headed ogre
  8056 | D:8      | Reached skill level 5 in Armour
  8374 | D:9      | Noticed a troll
  8381 | D:9      | Killed a troll
  8388 | D:9      | Reached XP level 10. HP: 58/58 MP: 10/18
  8394 | D:9      | Found a staircase to the Lair.
  8394 | D:9      | Noticed an elephant
  8443 | D:9      | Noticed a two-headed ogre
  8451 | D:9      | Killed a two-headed ogre
  8452 | D:9      | Reached skill level 5 in Shields
  8452 | D:9      | Reached skill level 5 in Spellcasting
  8452 | D:9      | Reached skill level 10 in Summonings
  8459 | D:9      | Reached * piety under Sif Muna
  8461 | D:9      | Reached skill level 5 in Fighting
  8538 | D:9      | Found a burning altar of Makhleb.
  8908 | D:9      | Killed an elephant
  9095 | D:9      | Noticed a two-headed ogre
  9108 | D:9      | Killed a two-headed ogre
  9135 | D:9      | Found a runed translucent door.
  9158 | D:9      | Noticed Prince Ribbit
  9176 | D:9      | Killed Prince Ribbit
  9177 | D:9      | Reached skill level 5 in Short Blades
  9333 | D:7      | Bought an amulet of magic regeneration for 450 gold pieces
  9541 | D:9      | Found a runed translucent gate.
  9541 | D:9      | Found a runed translucent gate.
  9541 | D:9      | Found a runed translucent gate.
  9541 | D:9      | Noticed fedoskokos's ghost (novice MiFi)
  9543 | D:9      | Found a basalt altar of Yredelemnul.
  9563 | D:9      | Reached skill level 11 in Summonings
  9575 | D:9      | Killed fedoskokos's ghost
  9576 | D:9      | Reached XP level 11. HP: 25/64 MP: 18/20
  9839 | D:9      | Noticed Voland's ghost (novice TeAE)
  9855 | D:9      | Killed Voland's ghost
  9978 | D:10     | Entered Level 10 of the Dungeon
 10029 | D:10     | Noticed a two-headed ogre
 10054 | D:10     | Killed a two-headed ogre
 10611 | D:10     | Reached ** piety under Sif Muna
 10877 | D:10     | Found a glowing golden altar of the Shining One.
 11217 | D:11     | Lost mutation: You are partially covered in iridescent
                  | scales. (AC +2) [potion of mutation]
 11217 | D:11     | Lost mutation: You are vulnerable to heat. (rF-) [potion of
                  | mutation]
 11217 | D:11     | Lost mutation: You are dopey. (Int -2) [potion of mutation]
 11217 | D:11     | Gained mutation: You are partially covered in iridescent
                  | scales. (AC +2) [potion of mutation]
 11263 | D:11     | Noticed a manticore
 11278 | D:11     | Killed a manticore
 11337 | D:11     | Identified the +9 dagger of Nemelex Xobeh's Grace {flame,
                  | Drain Fly Int+2}
 11358 | D:11     | Found a staircase to the Orcish Mines.
 11367 | Orc:1    | Entered Level 1 of the Orcish Mines
 11890 | Orc:1    | Reached skill level 12 in Summonings
 12138 | Orc:1    | Reached *** piety under Sif Muna
 12417 | Orc:2    | Entered Level 2 of the Orcish Mines
 12628 | Orc:2    | Noticed an orc high priest
 12645 | Orc:2    | Gained mutation: You do not regenerate when monsters are
                  | visible. [a neqoxec]
 12647 | Orc:2    | Noticed an orc knight
 12649 | Orc:2    | Mangled by an orc warrior

Illustrated notes

Levels and vault maps discovered:
D:1:      dpeg_arrival_ratfight, layout_basic
D:2:      layout_rooms, serial_glass, glass_columns_a, glass_columns_c,
          nrook_loot_triangle, corexii_shack, st_stairs_4,
          nicolae_elevator_lobby_asterisk, uniq_crazy_yiuf_cottage
D:3:      layout_basic
D:4:      layout_basic, mainiacjoe_overflow_24_doors, minmay_cupped,
          uniq_duvessa
D:5:      layout_cave_pools, nicolae_ossuary_entry_ruins
D:6:      layout_rooms
D:7:      layout_basic, minmay_temple_entry_slanted, serial_shops,
          nicolae_shop_dealshenge, corexii_corridor_pit, hex_intersection,
          nicolae_alphabet_shops, uniq_joseph
D:8:      layout_cave_pools, overflow_temple_1_default,
          minmay_overflow_temple_star_quad, nicolae_overflow_crystal_walls
D:9:      layout_cave_pools, amcnicky_altar_gilded,
          nicolae_yredelemnul_ghost_church, david_lair_generic,
          ebering_ghost_reflecting_pool, serial_bayou_pond_d,
          uniq_prince_ribbit1
D:10:     layout_loops_ring, tso_altar
D:11:     layout_rooms, david_orc_4
Temple:   nicolae_temple_figure_eight
Orc:1:    layout_caves, basic_altar
Orc:2:    grunt_orc_cross, layout_caves, nicolae_volcano_entry_batcave

Skill      XL: |  1  2  3  4  5  6  7  8  9 10 11 |
---------------+----------------------------------+-----
Summonings     | 5 6 7 8 9 11 12 | 12.2
Shields        | 1 2 3 4 5 6 |  6.5
Armour         | 1 2 3 4 5 6 7 |  7.2
Fighting       | 1 2 3 4 5 6 |  6.4
Dodging        | 3 4 5 6 7 |  7.4
Spellcasting   | 3 4 5 6 |  6.2
Short Blades   | 2 4 5 6 |  6.1
Stealth        | |  2.0

Action                     |  1- 3 |  4- 6 |  7- 9 | 10-12 || total
---------------------------+-------+-------+-------+-------++-------
  Melee: Unarmed           |    11 |       |       |       ||    11
         Peck              |     3 |     3 |     7 |    17 ||    30
         Kick              |     3 |     5 |    11 |    22 ||    41
         Quarterstaff      |       |    13 |     1 |       ||    14
         Dagger            |       |       |    45 |    63 ||   108
         Punch             |       |       |     1 |       ||     1
   Cast: Summon Small Mamm |    30 |    37 |    73 |    82 ||   222
         Call Imp          |    16 |    21 |    37 |    40 ||   114
         Call Canine Famil |    10 |    21 |    38 |    30 ||    99
         Summon Lightning  |       |       |     6 |    43 ||    49
  Evoke: Wand              |       |     1 |       |     1 ||     2
    Use: Scroll            |       |     7 |    10 |     9 ||    26
         Potion            |       |       |     4 |     6 ||    10
   Stab: Distracted        |       |       |     3 |     1 ||     4
 Armour: Robe              |    10 |       |       |       ||    10
         Leather armour    |       |     4 |    18 |    45 ||    67
  Dodge: Dodged            |    14 |    20 |    39 |   134 ||   207
  Block: Buckler           |       |       |     3 |    46 ||    49
